 Dungeon Crawl Stone Soup version 0.23-a0-435-g79ed067 (webtiles) character file.

2775 KittyKrap the Ruffian (level 9, -3/65 (66) HPs)
             Began as a Troll Venom Mage on Nov 16, 2018.
             Was a Believer of Hepliaklqana.
             Slain by a slave (6 damage)
             ... led by Pikel
             ... on level 7 of the Dungeon.
             The game lasted 00:21:10 (8052 turns).

KittyKrap the Ruffian (Troll Venom Mage)            Turns: 8052, Time: 00:21:12

HP:   -3/65 (66)    AC:  5    Str: 18    XL:     9   Next: 42%
MP:   15/15         EV:  9    Int: 14    God:    Hepliaklqana [**....]
Gold: 319           SH:  0    Dex: 10    Spells: 13/17 levels left

rFire    . . .     SeeInvis .     - Unarmed
rCold    + . .     Gourm    +   (no shield)
rNeg     . . .     Faith    .   a - +0 robe
rPois    .         Spirit   .   (helmet restricted)
rElec    .         Reflect  .   (no cloak)
rCorr    .         Harm     .   (gloves unavailable)
MR       .....                  (boots unavailable)
Stlth    +.........             (no amulet)
HPRegen  0.60/turn              v - ring of protection from cold
MPRegen  0.14/turn              (no ring)

@: heavily drained
A: large, unfitting armour, reduced essence, claws 3, fast metabolism 3,
gourmand, regeneration 1, shaggy fur 1, tough skin 2
a: Recall Ancestor, Ancestor Identity, Renounce Religion


You were on level 7 of the Dungeon.
You worshipped Hepliaklqana.
Hepliaklqana was pleased with you.
You were hungry.

You visited 2 branches of the dungeon, and saw 8 of its levels.

You collected 394 gold pieces.
You spent 75 gold pieces at shops.

Inventory:

Hand Weapons
 u - a +0 trident of venom
 x - a +0 blowgun
Missiles
 j - a throwing net (quivered)
 s - 3 needles of frenzy
 w - 70 stones
 y - 31 poisoned needles
 G - 3 tomahawks
Armour
 a - a +0 robe (worn)
Jewellery
 v - a ring of protection from cold (left claw)
Wands
 h - a wand of random effects (31)
Scrolls
 b - 4 scrolls of amnesia
 d - 6 scrolls of identify
 f - 5 scrolls of remove curse
 i - a scroll of enchant weapon {unknown}
 k - a scroll of enchant armour {unknown}
 l - 2 scrolls of immolation
 q - a scroll of blinking {unknown}
 z - a scroll of silence {unknown}
 B - a scroll of magic mapping {unknown}
 D - a scroll of fear {unknown}
 F - 2 scrolls of teleportation
Potions
 e - a potion of agility {unknown}
 g - 4 potions of curing
 m - 2 potions of brilliance
 n - a potion of lignification {unknown}
 o - a potion of haste
 p - a potion of might {unknown}
 r - a potion of degeneration {unknown}
 t - a potion of flight {unknown}
 A - a potion of mutation {unknown}
 E - a potion of invisibility
Comestibles
 c - 20 rations


   Skills:
 - Level 0.2(0.0) Fighting
 - Level 0.2(0.0) Polearms
 - Level 1.5(0.0) Dodging
 - Level 1.0(0.0) Stealth
 - Level 6.0(4.2) Unarmed Combat
 * Level 4.7(2.9) Spellcasting
 - Level 0.6(0.0) Conjurations
 * Level 1.6(0.0) Hexes
 - Level 3.7(2.0) Air Magic
 - Level 5.1(3.3) Poison Magic


You had 13 spell levels left.
You knew the following spells:

 Your Spells              Type           Power        Failure   Level  Hunger
a - Sting                 Conj/Pois      #...         11%         1    #......
b - Poisonous Vapours     Pois/Air       #.....       11%         2    ##.....
c - Confusing Touch       Hex            #.....       22%         1    #......

Your spell library contained the following spells:

 Spells                   Type           Power        Failure   Level  Hunger
 Animate Skeleton         Necr           N/A          22%         1    #......
 Apportation              Tloc           #.....       22%         1    #......
 Corona                   Hex            #......      22%         1    #......
 Summon Small Mammal      Summ           #...         22%         1    #......
 Mephitic Cloud           Conj/Pois/Air  #.......     30%         3    ###....
 Slow                     Hex            #.......     32%         2    ##.....
 Olgreb's Toxic Radiance  Pois           ##......     47%         4    #####..
 Inner Flame              Hex/Fire       #.......     54%         3    ###....
 Portal Projectile        Hex/Tloc       #.....       54%         3    ###....
 Cause Fear               Hex            #.........   91%         4    #####..
 Leda's Liquefaction      Hex/Erth       #.........   91%         4    #####..
 Venom Bolt               Conj/Pois      #.........   97%         5    ######.


Dungeon Overview and Level Annotations

Branches:
Dungeon (7/15)             Temple (1/1) D:4

Altars:
Ashenzari
Cheibriados
Dithmenos
Elyvilon
Fedhas
Gozag
Hepliaklqana
Kikubaaqudgha
Makhleb
Nemelex Xobeh
Okawaru
Ru
Sif Muna
Trog
Uskayaw
Vehumet
Wu Jian
Yredelemnul
Zin
The Shining One

Shops:
D:5 ?

Annotations:
D:1 exclusion: downstairs
D:4 3 runed doors, exclusion: downstairs, HydraWiggins's ghost, novice TrAE
D:7 Pikel


Innate Abilities, Weirdness & Mutations

You are too large for most types of armour.
You have claws for hands.
Your metabolism is lightning-fast.
You like to eat raw meat.
Your natural rate of healing is unusually fast.
You are covered in fur. (AC +1)
You have very tough skin. (AC +2)
Your life essence is reduced to manifest your ancestor. (-10% HP)


Message History

Pikel appears confused.
The worker ant bites you.
* * * LOW HITPOINT WARNING * * *
Evoke which item? (* to show all) (? for menu, Esc to quit)
Okay, then.
You catch the helpless Pikel completely off-guard!
You scratch Pikel.
Pikel is almost dead.
The slave barely misses you. The slave hits you but does no damage.
The slave hits you.
* * * LOW HITPOINT WARNING * * *
Pikel barely misses LitterTray.
The worker ant bites you.
* * * LOW HITPOINT WARNING * * *
LitterTray hits Pikel but does no damage.
You catch the helpless Pikel completely off-guard!
You scratch Pikel.
Pikel is almost dead.
The slave hits you.
* * * LOW HITPOINT WARNING * * *
The slave closely misses you. The slave hits you.
You die...

######..####..##
#.#..#..#####.## ..
...>.).....#...# #.
......###.....####. .
..##.###...##..#..####..
.....##..###..##.......
.........## #.#.cO..#
..#.......###.#pKp.#
....)..........R@pz####
.................a......
........#...............
........#...#..###..z...
..............## ###...
#...###........ .. ...#
#.......... . ..
#..........# ## .....


You could see the friendly LitterTray the hexer, Pikel (confused), an ogre, 3
slaves, a centaur, a worker ant and 2 wights.

Vanquished Creatures
  Eustachio (D:5)
  Duvessa (D:6)
  A sky beast (D:5)
  An ice beast (D:5)
  A phantom (D:5)
  An ogre (D:7)
  2 centaurs (D:5)
  Blork the orc (D:5)
  2 bullfrogs (D:6)
  Dowan (D:6)
  A howler monkey (D:5)
  5 wights (D:7)
  A centaur zombie (D:5)
  3 jellies
  A hound (D:4)
  2 centaur skeletons (D:4)
  2 orc priests
  4 orc wizards
  Ijyb (D:3)
  Terence (D:2)
  3 worker ants
  A howler monkey zombie (D:6)
  4 gnolls
  14 adders
  A shadow imp (D:5)
  8 oozes
  4 worms
  3 dart slugs (D:1)
  5 leopard geckos
  19 orcs
  9 bats
  5 giant cockroaches
  7 goblins
  8 hobgoblins
  16 jackals
  11 kobolds
  6 quokkas
  A ball python (D:1)
  3 frilled lizards (D:2)
  A giant cockroach zombie (D:5)
  A jackal skeleton (D:5)
  A jackal zombie (D:6)
  A leopard gecko skeleton (D:4)
  5 rats
170 creatures vanquished.

Vanquished Creatures (collateral kills)
  Sigmund (D:6)
  A necrophage (D:5)
  A slave (D:6)
  A centaur (D:5)
  A bullfrog (D:6)
  A wight (D:7)
  A centaur zombie (D:7)
  A crimson imp (D:5)
  A jelly (D:6)
  2 orc wizards
  An iguana (D:6)
  A worker ant (D:6)
  A howler monkey zombie (D:7)
  An ooze (D:4)
  An adder zombie (D:6)
  A leopard gecko (D:6)
  7 orcs
  2 jackals (D:5)
  A kobold (D:4)
  A frilled lizard (D:5)
28 creatures vanquished.

Vanquished Creatures (others)
  2 ancestors
  7 toadstools (D:4)
9 creatures vanquished.

Grand Total: 207 creatures vanquished

Notes
Turn   | Place    | Note
-------+----------+-------------------------------------------
     0 | D:1      | KittyKrap the Troll Venom Mage began the quest for the Orb.
     0 | D:1      | Reached XP level 1. HP: 16/16 MP: 1/1
   128 | D:1      | Reached XP level 2. HP: 12/24 MP: 2/2
   155 | D:1      | Learned a level 2 spell: Poisonous Vapours
   307 | D:1      | Reached skill level 1 in Unarmed Combat
   624 | D:2      | Noticed Terence
   653 | D:2      | Reached XP level 3. HP: 30/31 MP: 4/4
   850 | D:2      | Reached skill level 2 in Unarmed Combat
   944 | D:2      | Reached XP level 4. HP: 24/39 MP: 5/5
  1208 | D:1      | Reached skill level 3 in Unarmed Combat
  1548 | D:2      | Killed Terence
  1548 | D:2      | Reached XP level 5. HP: 45/45 MP: 1/6
  1805 | D:3      | Found a glowing silver altar of Zin.
  2242 | D:3      | Noticed Ijyb
  2252 | D:3      | Killed Ijyb
  2252 | D:3      | Reached skill level 4 in Unarmed Combat
  2896 | D:3      | Found a glowing golden altar of the Shining One.
  3057 | D:4      | Reached XP level 6. HP: 40/53 MP: 7/7
  3258 | D:4      | Found a staircase to the Ecumenical Temple.
  3278 | D:4      | Reached skill level 5 in Unarmed Combat
  3284 | Temple   | Entered the Ecumenical Temple
  3357 | Temple   | Became a worshipper of Hepliaklqana the Forgotten
  3630 | D:4      | Found a runed gate.
  3630 | D:4      | Found a runed gate.
  3631 | D:4      | Found a runed gate.
  3640 | D:4      | Noticed HydraWiggins's ghost (novice TrAE)
  4188 | D:4      | Reached skill level 1 in Air Magic
  4212 | D:4      | Reached skill level 6 in Unarmed Combat
  4212 | D:4      | Reached XP level 7. HP: 50/53 MP: 8/8
  4330 | D:5      | Entered Level 5 of the Dungeon
  4377 | D:5      | Found an opulent altar of Gozag.
  4390 | D:5      | Noticed Eustachio
  4391 | D:5      | Noticed Blork the orc
  4478 | D:5      | Killed Blork the orc
  4590 | D:5      | Reached XP level 8. HP: 40/59 MP: 10/10
  4795 | D:5      | Found a shadowy altar of Dithmenos.
  4980 | D:5      | Found Muylieso's Magic Scroll Boutique.
  4988 | D:5      | Bought a scroll of identify for 30 gold pieces
  4988 | D:5      | Bought a scroll of teleportation for 45 gold pieces
  5013 | D:5      | Found an ancient bone altar of Kikubaaqudgha.
  5026 | D:5      | Reached * piety under Hepliaklqana
  5085 | D:5      | Killed Eustachio
  5647 | D:6      | Reached skill level 5 in Poison Magic
  5676 | D:6      | Noticed Duvessa
  5678 | D:6      | Noticed Dowan
  5685 | D:6      | Killed Duvessa
  5685 | D:6      | Reached XP level 9. HP: 54/65 MP: 13/13
  5697 | D:6      | Killed Dowan
  5787 | D:6      | Learned a level 1 spell: Confusing Touch
  6046 | D:6      | Noticed Sigmund
  6056 | D:6      | Killed Sigmund
  6328 | D:7      | Reached skill level 1 in Hexes
  6607 | D:7      | Noticed Pikel
  7066 | D:7      | Found a basalt altar of Yredelemnul.
  7086 | D:7      | HP: 2/65 [wight/+2 halberd of freezing (2)]
  8020 | D:7      | Reached ** piety under Hepliaklqana
  8021 | D:7      | Remembered your ancestor LitterTray as a hexer
  8052 | D:7      | HP: 3/65 [slave[Pikel] (3)]
  8052 | D:7      | Slain by a slave

Vault maps used:
D:1:      grunt_arrival_lava_bath, minmay_misc_feat_plants
D:2:      uniq_terence
D:3:      lemuel_round_altar, zin_treasury, roderic_st_hans_cross, uniq_ijyb
D:4:      cheibrodos_fertilizer, minmay_temple_entry_overgrown,
          ebering_ghost_rock_garden
D:5:      kiku_gazebo_garden_becter, overflow_temple_1_default,
          lemuel_coloured_pillars_altar, serial_shops, shop, first_ration,
          uniq_blork_the_orc, uniq_eustachio
D:6:      uniq_duvessa, uniq_sigmund
D:7:      lemuel_crystal_altar, chequers_serial_rivers_micro_b, uniq_pikel
Temple:   nicolae_temple_great_sept

Skill      XL: |  1  2  3  4  5  6  7  8  9 |
---------------+----------------------------+-----
Unarmed Combat | 1 2 3 4 6 |  6.0
Poison Magic   | 3 5 |  5.1
Air Magic      | 1 2 3 |  3.7
Spellcasting   | 2 3 4 |  4.7
Hexes          | 1 |  1.6
Fighting       | |  0.2
Polearms       | |  0.2
Dodging        | |  1.5
Stealth        | |  1.0
Conjurations   | |  0.6

Action                   |  1- 3 |  4- 6 |  7- 9 || total
-------------------------+-------+-------+-------++-------
Melee: Unarmed           |   138 |   242 |   277 ||   657
       Punch             |       |     4 |     5 ||     9
       Trident           |       |       |     8 ||     8
 Cast: Poisonous Vapours |       |     2 |    22 ||    24
Invok: Ancestor Identity |       |     1 |       ||     1
       Recall Ancestor   |       |       |     1 ||     1
       Ancestor Life: He |       |       |     1 ||     1
  Use: Scroll            |       |       |     5 ||     5
 Stab: Sleeping          |     3 |     5 |       ||     8
       Distracted        |     1 |       |       ||     1
       Confused          |       |       |     2 ||     2
  Eat: Chunk             |    14 |    30 |    21 ||    65
       Ration            |       |       |     2 ||     2
Armor: Robe              |    60 |    76 |    81 ||   217
Dodge: Dodged            |    67 |   151 |   151 ||   369

Table legend:
 A = Non-vault XP
 B = Vault XP
 C = Vault XP percentage of total XP
 D = Non-vault monster count
 E = Vault monster count
 F = Vault count percentage of total count
                 A         B        C        D         E       F
            +---------+---------+-------+---------+---------+-------
      Total |    3028 |     937 |  23.6 |     174 |      23 |  11.7
            +---------+---------+-------+---------+---------+-------
        D:1 |      68 |       0 |   0.0 |      21 |       0 |   0.0
        D:2 |     105 |      36 |  25.5 |      33 |       1 |   2.9
        D:3 |     128 |      39 |  23.4 |      20 |       1 |   4.8
        D:4 |     275 |     140 |  33.7 |      28 |      16 |  36.4
        D:5 |    1206 |     276 |  18.6 |      29 |       2 |   6.5
        D:6 |     656 |     446 |  40.5 |      28 |       3 |   9.7
        D:7 |     590 |       0 |   0.0 |      15 |       0 |   0.0
            +---------+---------+-------+---------+---------+-------
